AoeStats
← Torg

Yucatan

510280246Analyzed
4v4 RM · 4d ago on Sep 30, 2026· 45m 44s· 8 players
Game mode
Random Map
Map size
Large (8 player)
Population
200
Speed
Normal
Resources
Standard
Victory
Conquest
Starting age
Dark Age
Ending age
Imperial Age
RankedLock teamsTeams togetherTeam positionsShared explorationLock speedFull tech treeHidden civsTurbo modeCheats
Victory
Defeat
🇩🇪 Mongols · Germany
1447
+7
🇨🇳 Khitans · China
1318
+11
🇹🇼 Ethiopians · Taiwan
1316
+10
🇨🇳 Huns · China
1268
+12
🇦🇺 Gurjaras · Australia
1222
-11
🇦🇺 Mongols · Australia
1213
-10
🇦🇺 Bohemians · Australia
1208
-10
🇦🇺 Varangians · Australia
1174
-9
IAMDAGG
10:06 Feudal Age
14:46 Castle Age
13:17 Gold Mining
13:12 Double-Bit Axe
14:32 Fletching
17:32 Bow Saw
16:46 Crossbowman
19:06 Loom
23:59 Padded Archer Armor
25:45 Thumb Ring
33:22 Imperial Age
32:53 Wheelbarrow
32:04 Town Watch
32:54 Gold Mining
34:37 Ballistics
35:29 Chemistry
35:19 Arbalester
36:51 Bodkin Arrow
39:51 Bracer
40:07 Leather Archer Armor
40:12 Hand Cart
39:57 Town Patrol
40:28 Conscription
41:54 Stone Mining
42:41 Gold Shaft Mining
44:02 Siege Engineers
run
8:14 Loom
11:00 Feudal Age
17:23 Castle Age
15:23 Double-Bit Axe
15:20 Horse Collar
16:24 Fletching
16:34 Padded Archer Armor
18:21 Bow Saw
18:39 Husbandry
18:49 Bloodlines
18:39 Gold Mining
19:51 Bodkin Arrow
21:29 Heavy Plow
26:39 Ballistics
29:33 Wheelbarrow
28:43 Town Watch
33:56 Hand Cart
33:53 Fishing Lines
35:19 Gold Shaft Mining
38:35 Imperial Age
36:13 Scale Barding Armor
36:18 Forging
38:12 Chain Barding Armor
38:27 Iron Casting
38:24 Stone Mining
39:17 Marauders
38:54 Elite Tarkan
39:54 Conscription
40:05 Guilds
40:31 Plate Barding Armor
41:21 Two-Man Saw
41:59 Blast Furnace
43:42 Light Cavalry
45:15 Hussar
蝴蝶
10:00 Feudal Age
14:48 Castle Age
12:53 Double-Bit Axe
14:24 Domestication
16:50 Wheelbarrow
17:11 Bow Saw
20:38 Loom
21:23 Pastoralism
21:18 Light Cavalry
23:20 Husbandry
23:58 Scale Barding Armor
24:46 Stone Mining
26:02 Hand Cart
25:33 Town Watch
27:45 Treadmill Crane
28:18 Fortified Wall
28:08 Gold Mining
29:30 Stone Shaft Mining
32:53 Imperial Age
30:50 Chain Barding Armor
30:41 Forging
30:35 Fletching
32:06 Lamellar Armor
32:28 Masonry
32:14 Murder Holes
32:39 Ballistics
33:24 Town Patrol
33:18 Heated Shot
34:09 Transhumance
34:52 Two-Man Saw
33:51 Elite Steppe Lancer
35:16 Conscription
35:57 Ordo Cavalry
36:18 Heavy Camel Rider
36:21 Hussar
37:35 Guilds
37:27 Caravan
37:58 Coinage
38:20 Iron Casting
41:03 Chemistry
41:22 Banking
41:31 Conscription
41:34 Ordo Cavalry
Tsunade
7:48 Loom
9:55 Feudal Age
11:35 Double-Bit Axe
14:05 Castle Age
12:10 Horse Collar
14:59 Bow Saw
14:52 Heavy Plow
19:25 Town Watch
20:20 Wheelbarrow
21:50 Hand Cart
24:14 Gold Mining
24:39 Stone Mining
28:52 Imperial Age
28:55 Ballistics
28:46 Masonry
28:27 Fletching
29:11 Bodkin Arrow
29:17 Padded Archer Armor
30:05 Gold Shaft Mining
30:06 Stone Shaft Mining
30:18 Conscription
30:25 Thumb Ring
30:21 Husbandry
30:31 Bloodlines
30:48 Parthian Tactics
30:24 Bracer
31:34 Chemistry
31:20 Leather Archer Armor
30:27 Capped Ram
32:46 Drill
31:51 Siege Ram
32:49 Town Patrol
33:25 Elite Mangudai
35:34 Coinage
36:15 Hoardings
35:37 Murder Holes
38:31 Siege Engineers
murrayj
8:00 Loom
10:40 Feudal Age
14:30 Castle Age
13:37 Gold Mining
13:39 Double-Bit Axe
13:59 Gold Mining
14:54 Loom
15:43 Scale Barding Armor
17:38 Bloodlines
19:54 Horse Collar
21:07 Wheelbarrow
26:48 Fletching
27:57 Chain Barding Armor
29:00 Bodkin Arrow
32:10 Hand Cart
34:27 Heavy Plow
34:52 Husbandry
38:54 Imperial Age
36:11 Town Watch
37:13 Forging
37:48 Stone Mining
38:41 Bow Saw
39:45 Iron Casting
39:27 Town Patrol
39:26 Cavalier
41:04 Plate Barding Armor
41:19 Conscription
41:19 Vendel Legacy
43:17 Blast Furnace
44:52 Squires
Incitatus
10:53 Feudal Age
14:42 Castle Age
13:23 Padded Archer Armor
13:43 Double-Bit Axe
17:19 Bow Saw
18:55 Chemistry
25:14 Loom
27:42 Fervor
Torg
12:01 Feudal Age
12:48 Horse Collar
12:54 Double-Bit Axe
15:37 Castle Age
14:18 Stone Mining
14:51 Gold Mining
17:46 Bow Saw
17:53 Heavy Plow
19:29 Wheelbarrow
18:41 Loom
23:54 Fletching
25:06 Hand Cart
24:59 Town Watch
25:30 Bodkin Arrow
25:46 Padded Archer Armor
27:17 Stone Shaft Mining
27:18 Gold Shaft Mining
27:11 Leather Archer Armor
28:43 Ballistics
32:26 Imperial Age
32:30 Caravan
33:03 Coinage
34:17 Chemistry
33:23 Siege Engineers
33:28 Masonry
33:44 Conscription
34:58 Drill
34:38 Nomads
33:59 Elite Mangudai
34:43 Bracer
35:44 Hoardings
35:34 Scale Barding Armor
35:40 Forging
37:12 Murder Holes
37:28 Fortified Wall
38:57 Banking
41:19 Parthian Tactics
40:59 Thumb Ring
40:58 Husbandry
41:08 Bloodlines
Adavi306
10:51 Feudal Age
15:11 Castle Age
14:01 Double-Bit Axe
17:15 Horse Collar
18:02 Bow Saw
21:26 Loom
22:16 Wheelbarrow
21:26 Town Watch
27:22 Scale Barding Armor
27:28 Forging
28:02 Bloodlines
33:08 Imperial Age
32:29 Kshatriyas
33:35 Chain Barding Armor
33:43 Heavy Camel Rider
34:24 Husbandry
37:12 Elite Shrivamsha Rider
40:11 Plate Barding Armor
40:57 Heavy Plow
41:38 Conscription
43:10 Gold Mining
45:48 Iron Casting
46:12 Conscription
Connection lost

Rejoining the realm…

Still unreachable

The connection could not be restored.

Session expired

The server has moved on; the page needs a fresh start.